Unix NetHack Version 5.0.0-0 post-release - last build Jun 10 2026 00:39:30 (3ee93aec679c4c4259841fe613dc97188e26a321,branch:main).

Game began 2026-06-30 01:21:28, ended 2026-06-30 01:42:18.

IceCreamJones, lawful male human Priest

   ------
   |(...-##  --------
   |....| #  |......|
   |....| #  |......|
   |...<| ###......>.
   |.....### --------
   ------  #########
                 #    eo
                 #    @
                 ###  d
              -----.-##
              |......#
              |.....|
              |.....|
              -------

IceCreamJones the Acolyte    St:9 Dx:13 Co:17 In:12 Wi:18 Ch:8  Lawful
Dlvl:5  $:22 HP:0(35) Pw:43(43) AC:1  Xp:4 T:2809 

Latest messages:
 You are beginning to feel weak.
 What do you want to eat? [efow or ?*]
 This food really hits the spot!
 You finish eating the food ration.
 You swap places with your dog.
 You see here a tin.
 K - a tin.
 You see here 22 gold pieces.
 $ - 22 gold pieces.
 You swap places with your dog.
 You swap places with your dog.
 You swap places with your dog.
 This door is locked.
 This door is locked.
 This door is locked.
 This door is locked.
 This door is locked.
 This door is locked.
 This door is locked.
 This door is locked.
 In what direction?
 As you kick the door, it crashes open!
 You hit the floating eye.
 You are frozen by the floating eye's gaze!
 The hobgoblin thrusts her crude dagger.
 The hobgoblin hits!
 The hobgoblin thrusts her crude dagger.
 The hobgoblin hits!
 The hobgoblin thrusts her crude dagger.
 The hobgoblin hits!
 The hobgoblin thrusts her crude dagger.
 The hobgoblin just misses!
 The hobgoblin thrusts her crude dagger.
 The hobgoblin hits!
 The hobgoblin thrusts her crude dagger.
 The hobgoblin hits!
 The hobgoblin thrusts her crude dagger.
 The hobgoblin hits!
 The hobgoblin thrusts her crude dagger.
 The hobgoblin hits!
 The hobgoblin thrusts her crude dagger.
 The hobgoblin just misses!
 The hobgoblin thrusts her crude dagger.
 The hobgoblin hits!
 You die...
 Do you want your possessions identified? [ynq] (y)
 Do you want to see your attributes? [ynq] (y)
 Do you want an account of creatures vanquished? [ynaq] (y)
 Do you want to see your conduct and achievements? [ynq] (y)
 Do you want to see the dungeon overview? [ynq] (y)

Inventory:
 Coins    ('$')
  $ - 22 gold pieces
 Weapons  (')')
  l - 3 +0 darts (at the ready)
  z - a +0 dagger
  i - a blessed +2 orcish dagger
  n - a +0 orcish dagger
  a - a blessed +1 mace (weapon in right hand)
 Armor    ('[')
  E - a +2 orcish helm (being worn)
  c - a +0 small shield (being worn)
  b - a +0 robe (being worn)
  C - a +0 studded leather armor (being worn)
 Comestibles  ('%')
  e - a clove of garlic
  f - a sprig of wolfsbane
  K - a tin of spinach
  w - a lichen corpse
 Wands    ('/')
  F - a wand of digging (0:6)
  v - a wand of locking (0:2)

IceCreamJones the Priest's attributes:

Background:
 You were an Acolyte, a level 4 human Priest.
 You were lawful, on a mission for Mercury
 who was opposed by Venus (neutral) and Mars (chaotic).
 You were right-handed.
 You were in the Dungeons of Doom, on level 5.
 You entered the dungeon 2809 turns ago.
 It was nighttime.
 There was a full moon in effect when your adventure ended.
 You had 113 experience points, 47 more were needed to attain level 5.

Basics:
 You had 0 out of 35 hit points.
 You had all 43 energy points (spell power).
 Your armor class was 1.
 Your wallet contained 22 zorkmids.
 Autopickup was off.

Final Characteristics:
 Your strength was 9 (limit:18/100).
 Your dexterity was 13 (limit:18).
 Your constitution was 17 (limit:18).
 Your intelligence was 12 (limit:18).
 Your wisdom was 18 (limit:18).
 Your charisma was 8 (limit:18).

Final Status:
 You weren't hungry.
 You were unencumbered.
 You were wielding a mace.
 You had basic skill with mace.

Final Attributes:
 You were piously aligned.
 You were guarded.
 Your spell casting was enhanced by wearing a robe.
 You were lucky.
 You are dead.

Miscellaneous:
 You didn't encounter any bones levels.
 Total elapsed playing time was 20 minutes and 49 seconds.

Major events:
 Turn
    1: IceCreamJones the lawful human Priest entered the dungeon
 1280: entered the Gnomish Mines
 1570: attained the rank of Acolyte (level 3)
 2809: killed by a hobgoblin, while frozen by a floating eye's gaze

Spells:
 Name                 Level Category     Fail Retention
 detect monsters        1   divination     0%  76%-100%
 detect food            2   divination    46%  76%-100%
 healing                1   healing        0%  76%-100%

Skills:
 Fighting Skills
   bare handed combat [Unskilled]
 Weapon Skills
   club               [Unskilled]
   mace               [Basic]
   morning star       [Unskilled]
   flail              [Unskilled]
   hammer             [Unskilled]
   quarterstaff       [Unskilled]
   polearms           [Unskilled]
   spear              [Unskilled]
   trident            [Unskilled]
   lance              [Unskilled]
   bow                [Unskilled]
   sling              [Unskilled]
   crossbow           [Unskilled]
   dart               [Unskilled]
   shuriken           [Unskilled]
   boomerang          [Unskilled]
   unicorn horn       [Unskilled]
 Spellcasting Skills
   healing spells     [Unskilled]
   divination spells  [Unskilled]
   clerical spells    [Basic]

Voluntary challenges:
 Character rerolling was not enabled.
 You never genocided any monsters.
 You never polymorphed an object.
 You never changed form.
 You used no wishes.
Achievements:
 You entered the Gnomish Mines.
 You attained the rank of Acolyte.

 The Dungeons of Doom: levels 1 to 6
    Level 1:
       An altar, a fountain, a sink.
    Level 2:
    Level 3:
       A sink.
       Stairs down to The Gnomish Mines.
    Level 4:
    Level 5: <- You were here.
       Final resting place for
          you, killed by a hobgoblin, while frozen by a floating eye's gaze.
    Level 6:
 The Gnomish Mines:
    Level 4:


Vanquished creatures:
  a leprechaun
  a kobold mummy
  a straw golem
  a little dog
  2 floating eyes
  a rothe
 an orc zombie
  a werejackal
  4 iguanas
  a coyote
  2 hobbits
  a hobgoblin
  a giant rat
  a yellow mold
  a red mold
  2 garter snakes
  4 geckos
  7 jackals
  a fox
  a kobold
  2 goblins
  4 grid bugs
  4 lichens
  a kobold zombie
  4 newts
50 creatures vanquished.

No species were genocided or became extinct.

Game over:
                       ----------
                      /          \
                     /    REST    \
                    /      IN      \
                   /     PEACE      \
                  /                  \
                  |  IceCreamJones   |
                  |      22 Au       |
                  |   killed by a    |
                  |    hobgoblin     |
                  |                  |
                  |                  |
                  |       2026       |
                 *|     *  *  *      | *
        _________)/\\_//(\/(/\)/\//\/|_)_______

Goodbye IceCreamJones the Priest...

You died in The Dungeons of Doom on dungeon level 5 with 752 points,
and 22 pieces of gold, after 2809 moves.
You were level 4 with a maximum of 35 hit points when you died.

